 Dungeon Crawl Stone Soup version 0.23-a0-644-gb60d84b (webtiles) character file.

43 Borgoz the Sneak (level 3, 0/24 HPs)
             Began as a Halfling Assassin on Jan 2, 2019.
             Slain by an ogre
             ... wielding a +0 giant club
              (15 damage)
             ... on level 2 of the Dungeon.
             The game lasted 00:02:45 (1243 turns).

Borgoz the Sneak (Halfling Assassin)                Turns: 1243, Time: 00:02:45

Health: 0/24       AC:  6    Str: 12    XL:     3   Next: 82%
Magic:  3/3        EV: 13    Int:  9    God:
Gold:   93         SH:  0    Dex: 16    Spells: 2/2 levels left

rFire    . . .     SeeInvis .   a - +2 dagger
rCold    + . .     Gourm    .   (shield restricted)
rNeg     . . .     Faith    .   p - +2 leather armour {rC+}
rPois    .         Spirit   .   (no helmet)
rElec    .         Reflect  .   d - +0 cloak
rCorr    .         Harm     .   (no gloves)
MR       .....                  (no boots)
Stlth    +++.......             (no amulet)
HPRegen  0.08/turn              (no ring)
MPRegen  0.08/turn              (no ring)

@: no status effects
A: small, mutation resistance 1
a: no special abilities


You were on level 2 of the Dungeon.
You were not hungry.

You visited 1 branch of the dungeon, and saw 2 of its levels.

You collected 93 gold pieces.

Inventory:

Hand Weapons
 a - a +2 dagger (weapon)
 b - a +0 blowgun
Missiles
 e - 4 poisoned needles
 f - 2 curare-tipped needles
Armour
 c - a +0 robe
 d - a +0 cloak (worn)
 p - a +2 leather armour of cold resistance (worn)
Scrolls
 i - 4 scrolls of identify {unknown}
 j - a scroll of fear {unknown}
 k - a scroll of enchant armour {unknown}
 n - a scroll of enchant weapon {unknown}
Potions
 h - a potion of brilliance {unknown}
 m - a potion of haste {unknown}
 o - a potion of curing {unknown}
Comestibles
 g - a ration
 l - a chunk of flesh


   Skills:
 + Level 1.9 Fighting
 + Level 3.0 Short Blades
 + Level 2.1 Throwing
 + Level 1.1 Dodging
 + Level 5.4 Stealth


You had 2 spell levels left.
You didn't know any spells.
Your spell library was empty.

Dungeon Overview and Level Annotations

Branches:
Dungeon (2/15)

Altars:


Innate Abilities, Weirdness & Mutations

You are small and have problems with some larger weapons.
You are somewhat resistant to further mutation.


Message History

Press: ? - help, Shift-Dir - straight line, f/p - ogre
Aim: an ogre, wielding a +0 giant club (lightly wounded, poisoned)
You shoot a poisoned needle. The poisoned needle hits the ogre.
The ogre looks even sicker.
The ogre is lightly wounded.
Firing (i - inventory. (/) - cycle)
e - 5 poisoned needles (quivered)
Press: ? - help, Shift-Dir - straight line, f/p - ogre
Aim: an ogre, wielding a +0 giant club (lightly wounded, poisoned)
You shoot a poisoned needle. The poisoned needle hits the ogre.
The ogre looks as sick as possible!
The ogre is lightly wounded.
a - a +2 dagger (weapon)
The ogre closely misses you.
You hit the ogre.
The ogre is moderately wounded.
You hit the ogre.
The ogre is heavily wounded.
The ogre hits you with a +0 giant club!
Ouch! That really hurt!
You die...

.. ### #.# #...#
#.. ....#.
.?#..#.. ......
##.♣.##
##.....####
#.♣.@.♣...#
##...)O..#
#....<.((#
#...)...(#
#..♣...♣(#
....(........
........♣.......
#?.(.............
##.####...#####.#


You could see an ogre.

Vanquished Creatures
  An ooze (D:1)
  A worm (D:2)
  A dart slug (D:1)
  2 bats (D:1)
  5 giant cockroaches
  2 goblins (D:1)
  4 hobgoblins
  2 jackals (D:2)
  7 kobolds
  3 frilled lizards (D:1)
  2 rats (D:1)
30 creatures vanquished.

Notes
Turn   | Place    | Note
-------+----------+-------------------------------------------
     0 | D:1      | Borgoz the Halfling Assassin began the quest for the Orb.
     0 | D:1      | Reached XP level 1. HP: 14/14 MP: 1/1
    43 | D:1      | Reached XP level 2. HP: 17/19 MP: 2/2
    76 | D:1      | Reached skill level 5 in Stealth
   272 | D:1      | Reached XP level 3. HP: 23/24 MP: 3/3
  1235 | D:2      | Noticed an ogre
  1243 | D:2      | Slain by an ogre

Vault maps used:
D:1:      dpeg_arrival_more_subterranean_lakeside_camping, lemuel_old_faithful
D:2:      cheibriados_altar_1, lemuel_round_altar, okawaru_ov_weapons_minmay,
          first_ration, grunt_ministairs_2, trog_butcher_becter

Skill      XL: |  1  2  3 |
---------------+----------+-----
Stealth        | 5 |  5.4
Short Blades   | 3 |  3.0
Fighting       | |  1.9
Throwing       | |  2.1
Dodging        | |  1.1

Action                   || total
-------------------------++-------
Melee: Dagger            ||   141
 Fire: Blowgun           ||     4
 Stab: Sleeping          ||     9
  Eat: Chunk             ||     1
Armor: Robe              ||    18
       Leather armour    ||    22
Dodge: Dodged            ||    99

Table legend:
 A = Non-vault XP
 B = Vault XP
 C = Vault XP percentage of total XP
 D = Non-vault monster count
 E = Vault monster count
 F = Vault count percentage of total count
                 A         B        C        D         E       F
            +---------+---------+-------+---------+---------+-------
      Total |      55 |       7 |  11.3 |      28 |       2 |   6.7
            +---------+---------+-------+---------+---------+-------
        D:1 |      48 |       0 |   0.0 |      24 |       0 |   0.0
        D:2 |       7 |       7 |  50.0 |       4 |       2 |  33.3
            +---------+---------+-------+---------+---------+-------
